 Dungeon Crawl Stone Soup version 0.30-a0-341-g682706514a (webtiles) character file.

Game seed: 3563138704757208579

5236 NinjaNoafa the Ducker (level 10, -3/76 HPs)
             Began as a Gnoll Hexslinger on Oct 31, 2022.
             Was a Believer of Dithmenos.
             Killed by the air
             ... invoked by Gastronok
              (20 damage)
             ... on level 11 of the Dungeon on Nov 1, 2022.
             The game lasted 00:35:11 (13500 turns).

NinjaNoafa the Ducker (Gnoll Hexslinger)           Turns: 13500, Time: 00:35:13

Health: -3/76      AC:  7    Str: 12    XL:     10   Next: 61%
Magic:  16/19      EV: 16    Int: 14    God:    Dithmenos [**....]
Gold:   423        SH:  5    Dex: 17    Spells: 4/21 levels left

rFire   + . .      SeeInvis .    b - +1 dagger (speed)
rCold   x . .      Faith    .    J - orb {guile}
rNeg    . . .      Spirit   .    q - +2 robe
rPois   .          Reflect  +    (helmet restricted)
rElec   .          Harm     .    A - scarf {repulsion}
rCorr   .          Rampage  .    k - +2 pair of gloves
Will    .....                    (no boots)
Stlth   ++++......               H - amulet of reflection
HPRegen 0.32/turn                g - ring of fire
MPRegen 0.16/turn                (no ring)

@: wreathed by umbra, repel missiles
A: fangs 1, strong nose, distributed training, horns 1, agile 1, strong 1, wild
magic 1
a: Renounce Religion, Shadow Step


You were on level 11 of the Dungeon.
You worshipped Dithmenos.
Dithmenos was pleased with you.
You visited 2 branches of the dungeon, and saw 12 of its levels.

You collected 755 gold pieces.
You spent 332 gold pieces at shops.

Inventory:

Hand Weapons
 a - a +1 sling
 b - a +1 dagger of speed (weapon)
Missiles
 f - 141 stones
 l - 21 poisoned darts
 m - a throwing net
 I - 3 curare-tipped darts
 L - 3 boomerangs
Armour
 k - a +2 pair of gloves (worn)
 q - a +2 robe (worn)
 s - a +2 helmet
 A - a scarf of repulsion (worn)
 J - an orb of guile (worn)
Jewellery
 g - a ring of fire (left hand)
 H - an amulet of reflection (around neck)
Wands
 e - a wand of polymorph (4)
 D - a wand of quicksilver (5)
 E - a wand of mindburst (13)
 M - a wand of roots (6)
Scrolls
 c - 3 scrolls of enchant weapon {unknown}
 d - a scroll of summoning
 h - 4 scrolls of noise {unknown}
 i - 3 scrolls of teleportation
 o - 3 scrolls of poison
 p - 3 scrolls of amnesia {unknown}
 r - 3 scrolls of blinking
 v - 4 scrolls of magic mapping {unknown}
 w - a scroll of vulnerability
 x - a scroll of torment
 y - 2 scrolls of fog
 G - 3 scrolls of silence
 N - a scroll of fear
Potions
 j - a potion of haste
 n - 3 potions of attraction
 t - 4 potions of flight
 u - a potion of might
 z - a potion of curing
 B - 2 potions of brilliance
 C - 2 potions of degeneration
 F - 3 potions of invisibility
 K - 2 potions of resistance
 O - a potion of mutation


   Skills:
 + Level 6.3 Fighting
 + Level 5.6 Short Blades
 + Level 5.6 Long Blades
 + Level 5.6 Axes
 + Level 5.6 Maces & Flails
 + Level 5.6 Polearms
 + Level 5.6 Staves
 + Level 7.3 Ranged Weapons
 + Level 5.6 Throwing
 + Level 5.6 Armour
 + Level 7.3 Dodging
 + Level 5.6 Stealth
 + Level 5.6 Shields
 + Level 5.6 Unarmed Combat
 + Level 6.4 Spellcasting
 + Level 4.6 Conjurations
 + Level 7.3 Hexes
 + Level 4.6 Summonings
 + Level 4.6 Necromancy
 + Level 4.6 Translocations
 + Level 4.6 Transmutations
 + Level 4.6 Fire Magic
 + Level 4.6 Ice Magic
 + Level 4.6 Air Magic
 + Level 4.6 Earth Magic
 + Level 4.6 Poison Magic
 + Level 6.2 Invocations
 + Level 5.6 Evocations


You had 4 spell levels left.
You knew the following spells:

 Your Spells              Type           Power      Damage    Failure   Level
a - Slow                  Hex            100%       N/A       1%          1
b - Ensorcelled Hibernat  Hex/Ice        54%        N/A       3%          2
c - Beastly Appendage     Tmut           44%        N/A       4%          1
d - Passwall              Tmut/Erth      18%        N/A       5%          2
e - Wereblood             Tmut           22%        N/A       5%          2
f - Inner Flame           Hex/Fire       41%        N/A       6%          3
g - Portal Projectile     Hex/Tloc       54%        N/A       6%          3
h - Tukima's Dance        Hex            32%        N/A       4%          3

Your spell library contained the following spells:

 Spells                   Type           Power      Damage    Failure   Level
 Dazzling Flash           Conj/Hex       54%        N/A       6%          3
 Ignite Poison            Fire/Tmut/Pois 34%        N/A       11%         3
 Spider Form              Tmut/Pois      22%        N/A       11%         3
 Swiftness                Air            22%        N/A       11%         3
 Cause Fear               Hex            16%        N/A       12%         4
 Anguish                  Hex/Necr       13%        N/A       19%         4
 Passage of Golubria      Tloc           22%        N/A       30%         4
 Petrify                  Tmut/Erth      22%        N/A       30%         4
 Sticky Flame             Conj/Fire      34%        2d5       30%         4
 Metabolic Englaciation   Hex/Ice        13%        N/A       43%         5
 Silence                  Hex/Air        13%        N/A       43%         5
 Yara's Violent Unravell  Hex/Tmut       13%        3d7       43%         5
 Agony                    Necr           22%        N/A       61%         5
 Statue Form              Tmut/Erth      14%        N/A       99%         6
 Ignition                 Fire           17%        3d7       100%        8


Dungeon Overview and Level Annotations

Branches:
Dungeon (11/15)            Temple (1/1) D:4
   Lair: D:8-11         Orc: D:9-12

Altars:
Ashenzari
Cheibriados
Dithmenos
Elyvilon
Fedhas
Gozag
Hepliaklqana
Kikubaaqudgha
Makhleb
Nemelex Xobeh
Okawaru
Qazlal
Ru
Sif Muna
Trog
Vehumet
Xom
Yredelemnul
Zin
The Shining One

Shops:
D:1 [   D:7 ?

Annotations:
D:11 Gastronok


Innate Abilities, Weirdness & Mutations

You have very sharp teeth.
Your uncanny sense of smell can sniff out nearby items.
Your experience applies equally to all skills.
You have a pair of small horns on your head.
You are agile. (Dex +4, Str/Int -1)
Your muscles are strong. (Str +4, Int/Dex -1)
Your spells are a little harder to cast, but a little more powerful.


Message History

Gastronok looks drowsy...
The hornet buzzes angrily.
The helpless Gastronok fails to defend himself.
You skewer Gastronok like a kebab!!!
Gastronok is heavily wounded.
You hit Gastronok. You headbutt Gastronok.
Gastronok is heavily wounded.
Aiming: Mindburst
Press: ? - help, Shift-Dir - straight line, f/p - Gastronok
Aim: Gastronok, wearing a +1 hat (heavily wounded, umbra, chance to affect: 92%) Gastronok's mind is blasted!!
The hornet barely misses you. Gastronok bites you. The hornet stings you!
You feel yourself slow down.
Aiming: Mindburst
Press: ? - help, Shift-Dir - straight line, f/p - Gastronok
Aim: Gastronok, wearing a +1 hat (severely wounded, umbra, chance to affect: 92%) Gastronok's mind is blasted.
The hornet completely misses you. The hornet barely misses you.
Aiming: Mindburst
Press: ? - help, Shift-Dir - straight line, f/p - Gastronok
Aim: Gastronok, wearing a +1 hat (severely wounded, umbra, chance to affect: 92%) Gastronok's mind is blasted!
You feel yourself speed up. The hornet stings you.
You feel yourself slow down.
Gastronok waves his eye-stalks in wide circles.
The air twists around and strikes you!!
* * * LOW HITPOINT WARNING * * *
The hornet misses you.
Aiming: Fastroot
Press: ? - help, Shift-Dir - straight line, f/p - Gastronok
Aim: Gastronok, wearing a +1 hat (almost dead, umbra)
The roots erupt in riotous growth!
Roots grab Gastronok.
Roots grab the hornet.
You feel yourself speed up.
The grasping roots constrict Gastronok!
The grasping roots constrict the hornet!
You hear a shout!
The hornet closely misses you. The hornet barely misses you.
Gastronok waves his eye-stalks in wide circles.
The air twists around and strikes you!!
You die...

# #. . #.
##.#
##..y###
#...w@<#
.....##.<.#
... ##....#
# ###....#
.....#
...#.. ..#
# .##


You could see Gastronok (rooted) and a hornet (rooted).

Vanquished Creatures
  Joseph (D:8)
  2 unseen horrors (D:10)
  Sigmund (D:2)
  A wraith (D:10)
  2 steam dragons
  2 water moccasins
  3 orc warriors
  A black bear (D:8)
  A centaur (D:8)
  An ogre (D:4)
  A phantom (D:7)
  4 kobold brigands
  4 bullfrogs
  A necrophage (D:6)
  5 scorpions
  6 wights
  10 killer bees (D:8)
  5 howler monkeys
  2 hounds (D:6)
  2 jellies (D:5)
  9 orc priests
  Ijyb (D:5)
  2 gnoll boudas
  3 iguanas
  Natasha (thrice) (D:2)
  6 orc wizards
  Robin (D:2)
  8 gnolls
  17 adders
  A shadow imp (D:6)
  A white imp (D:6)
  3 ufetubi
  A worm (D:3)
  A dart slug (D:1)
  27 orcs
  9 ball pythons
  12 endoplasms
  3 giant cockroaches
  13 goblins
  10 hobgoblins
  4 jackals (D:3)
  19 kobolds
  2 quokkas
  4 bats
  6 frilled lizards
  10 rats
231 creatures vanquished.

Vanquished Creatures (others)
  A dancing weapon (D:10)
  A human (D:4)
  15 plants
17 creatures vanquished.

Grand Total: 248 creatures vanquished

Notes
Turn   | Place    | Note
-------+----------+-------------------------------------------
     0 | D:1      | NinjaNoafa the Gnoll Hexslinger began the quest for the
                  | Orb.
     0 | D:1      | Reached XP level 1. HP: 17/17 MP: 4/4
   111 | D:1      | Reached XP level 2. HP: 23/23 MP: 5/5
   349 | D:1      | Learned a level 2 spell: Ensorcelled Hibernation
   350 | D:1      | Found Iwelyor's Antique Armour Emporium.
   354 | D:1      | Reached XP level 3. HP: 28/28 MP: 7/7
   372 | D:1      | Upgraded the game from 0.30-a0-339-g89bb51ec76 to
                  | 0.30-a0-341-g682706514a
   875 | D:2      | Reached skill level 1 in Invocations
   982 | D:2      | Reached skill level 1 in Short Blades
   982 | D:2      | Reached skill level 1 in Long Blades
   982 | D:2      | Reached skill level 1 in Axes
   982 | D:2      | Reached skill level 1 in Maces & Flails
   982 | D:2      | Reached skill level 1 in Polearms
   982 | D:2      | Reached skill level 1 in Staves
   982 | D:2      | Reached skill level 1 in Throwing
   982 | D:2      | Reached skill level 1 in Armour
   982 | D:2      | Reached skill level 1 in Stealth
   982 | D:2      | Reached skill level 1 in Shields
   982 | D:2      | Reached skill level 1 in Unarmed Combat
   982 | D:2      | Reached skill level 1 in Evocations
  1052 | D:2      | Reached XP level 4. HP: 31/34 MP: 5/8
  1178 | D:2      | Noticed Sigmund
  1216 | D:2      | Killed Sigmund
  1217 | D:2      | Reached skill level 1 in Conjurations
  1217 | D:2      | Reached skill level 1 in Summonings
  1217 | D:2      | Reached skill level 1 in Necromancy
  1217 | D:2      | Reached skill level 1 in Translocations
  1217 | D:2      | Reached skill level 1 in Transmutations
  1217 | D:2      | Reached skill level 1 in Fire Magic
  1217 | D:2      | Reached skill level 1 in Ice Magic
  1217 | D:2      | Reached skill level 1 in Air Magic
  1217 | D:2      | Reached skill level 1 in Earth Magic
  1217 | D:2      | Reached skill level 1 in Poison Magic
  1217 | D:2      | Reached XP level 5. HP: 27/41 MP: 6/10
  1217 | D:2      | Reached XP level 6. HP: 32/47 MP: 6/11
  1373 | D:2      | Noticed Natasha
  1411 | D:2      | Killed Natasha
  1708 | D:2      | Noticed Natasha
  1763 | D:2      | Killed Natasha
  1764 | D:2      | Reached skill level 5 in Ranged Weapons
  1764 | D:2      | Reached skill level 5 in Dodging
  1909 | D:2      | Noticed Natasha
  1916 | D:2      | Killed Natasha
  2267 | D:2      | Noticed Robin
  2283 | D:2      | Killed Robin
  2726 | D:1      | Bought a pair of heavily runed gloves for 237 gold pieces
  2726 | D:1      | Identified the +2 pair of gloves of the Five Xeniums
                  | {+Blink Str+3 Int-3 Stlth+} (You bought it in a shop on
                  | level 1 of the Dungeon)
  3226 | D:3      | Found a snail-covered altar of Cheibriados.
  3570 | D:4      | Reached XP level 7. HP: 47/52 MP: 12/12
  3644 | D:4      | Found a blossoming altar of Fedhas.
  3644 | D:4      | Found a shimmering altar of Xom.
  3870 | D:4      | Found a staircase to the Ecumenical Temple.
  3920 | Temple   | Entered the Ecumenical Temple
  3968 | Temple   | Became a worshipper of Dithmenos the Shadowed
  4561 | D:4      | Found an ancient bone altar of Kikubaaqudgha.
  4563 | D:4      | Noticed a human
  4565 | D:4      | Killed a human
  4571 | D:4      | Learned a level 1 spell: Beastly Appendage
  4690 | D:5      | Entered Level 5 of the Dungeon
  4825 | D:5      | Reached * piety under Dithmenos
  4905 | D:5      | Reached XP level 8. HP: 60/60 MP: 11/14
  5185 | D:5      | Noticed Ijyb
  5206 | D:5      | Killed Ijyb
  6253 | D:6      | You fall into a shaft and drop 3 floors!
  6311 | D:8      | Learned a level 2 spell: Passwall
  6314 | D:8      | Learned a level 2 spell: Wereblood
  6318 | D:8      | Learned a level 3 spell: Inner Flame
  6323 | D:8      | Learned a level 3 spell: Portal Projectile
  6339 | D:8      | Noticed Joseph
  6874 | D:7      | Reached XP level 9. HP: 60/66 MP: 2/16
  6896 | D:7      | Reached skill level 5 in Spellcasting
  7398 | D:7      | Reached skill level 5 in Fighting
  7629 | D:7      | Found Tylu Luf's Magic Scroll Emporium.
  7659 | D:7      | Reached ** piety under Dithmenos
  7675 | D:7      | Bought a scroll of enchant armour for 75 gold pieces
  8752 | D:6      | Learned a level 3 spell: Tukima's Dance
  8923 | D:8      | Reached skill level 5 in Invocations
  9602 | D:8      | Killed Joseph
  9603 | D:8      | Reached skill level 5 in Short Blades
  9603 | D:8      | Reached skill level 5 in Long Blades
  9603 | D:8      | Reached skill level 5 in Axes
  9603 | D:8      | Reached skill level 5 in Maces & Flails
  9603 | D:8      | Reached skill level 5 in Polearms
  9603 | D:8      | Reached skill level 5 in Staves
  9603 | D:8      | Reached skill level 5 in Throwing
  9603 | D:8      | Reached skill level 5 in Armour
  9603 | D:8      | Reached skill level 5 in Stealth
  9603 | D:8      | Reached skill level 5 in Shields
  9603 | D:8      | Reached skill level 5 in Unarmed Combat
  9603 | D:8      | Reached skill level 5 in Evocations
  9603 | D:8      | Reached XP level 10. HP: 55/76 MP: 8/18
 11353 | D:9      | Found a bloodstained altar of Trog.
 11353 | D:9      | Found a broken altar of Ashenzari.
 11353 | D:9      | Found a glowing silver altar of Zin.
 11353 | D:9      | Found a white marble altar of Elyvilon.
 11433 | D:10     | Entered Level 10 of the Dungeon
 12508 | D:10     | Gained mutation: Your spells are a little harder to cast,
                  | but a little more powerful. [potion of mutation]
 12508 | D:10     | Gained mutation: You have a pair of small horns on your
                  | head. [potion of mutation]
 12508 | D:10     | Gained mutation: Your muscles are strong. (Str +4, Int/Dex
                  | -1) [potion of mutation]
 12508 | D:10     | Gained mutation: You are agile. (Dex +4, Str/Int -1)
                  | [potion of mutation]
 12512 | D:10     | HP: 2/76 [something (3)]
 12515 | D:10     | Killed an unseen horror
 12818 | D:10     | Killed an unseen horror
 12944 | D:7      | Bought a scroll of identify for 20 gold pieces
 13489 | D:11     | Noticed Gastronok
 13500 | D:11     | Killed from afar by Gastronok

Illustrated notes

Levels and vault maps discovered:
D:1:      scummos_arrival_checkerplants, layout_basic, serial_shops, shop_coins,
          roderic_roman_lattice, minmay_pentomino_v4
D:2:      layout_basic, uniq_sigmund, uniq_natasha, uniq_robin
D:3:      layout_loops_cross, mainiacjoe_overflow_chevrons, minmay_bisected
D:4:      minmay_recursive_quarters, layout_basic,
          mainiacjoe_overflow_divided_tiny, tgw_kikubaaqudgha,
          minmay_temple_entry_mini_moons, lexackson_kobold_supper
D:5:      layout_rooms, serial_corexii_hall, corexii_hall_statues_u,
          corexii_hall_statues_i, kennysheep_nub, kennysheep_potato, uniq_ijyb
D:6:      layout_basic, minivault_24, grunt_ministairs_4
D:7:      layout_basic, serial_shops, nicolae_shop_advertising_works
          [nicolae_subvault_shop_adworks], dk_noncrumbling_3
D:8:      hellmonk_ruined_rings, layout_cave_pods, amethyst_killhole,
          uniq_joseph
D:9:      layout_irregular_city, minitemple
D:10:     layout_basic, mainiacjoe_overflow_alcove_4,
          nicolae_uskayaw_dance_studio, minmay_quadrilaterals
D:11:     layout_layer_cave, david_lair_generic, orc_0_dummy,
          nicolae_transmutations_shop, kennysheep_generic_room_16, uniq_erolcha,
          uniq_gastronok, uniq_amaemon
Temple:   nicolae_temple_ecumenical_triangle

Skill      XL: |  1  2  3  4  5  6  7  8  9 10 |
---------------+-------------------------------+-----
Invocations    | 1 2 3 4 5 6 |  6.2
Short Blades   | 1 2 3 5 |  5.6
Long Blades    | 1 2 3 5 |  5.6
Axes           | 1 2 3 5 |  5.6
Maces & Flails | 1 2 3 5 |  5.6
Polearms       | 1 2 3 5 |  5.6
Staves         | 1 2 3 5 |  5.6
Throwing       | 1 2 3 5 |  5.6
Armour         | 1 2 3 5 |  5.6
Stealth        | 1 2 3 5 |  5.6
Shields        | 1 2 3 5 |  5.6
Unarmed Combat | 1 2 3 5 |  5.6
Evocations     | 1 2 3 5 |  5.6
Spellcasting   | 3 4 5 6 |  6.4
Fighting       | 3 4 5 6 |  6.3
Conjurations   | 1 2 3 4 |  4.6
Summonings     | 1 2 3 4 |  4.6
Necromancy     | 1 2 3 4 |  4.6
Translocations | 1 2 3 4 |  4.6
Transmutations | 1 2 3 4 |  4.6
Fire Magic     | 1 2 3 4 |  4.6
Ice Magic      | 1 2 3 4 |  4.6
Air Magic      | 1 2 3 4 |  4.6
Earth Magic    | 1 2 3 4 |  4.6
Poison Magic   | 1 2 3 4 |  4.6
Ranged Weapons | 5 6 7 |  7.3
Dodging        | 5 6 7 |  7.3
Hexes          | 6 7 |  7.3

Action                   |  1- 3 |  4- 6 |  7- 9 | 10-12 || total
-------------------------+-------+-------+-------+-------++-------
Melee: Unarmed           |       |    15 |       |       ||    15
       Dagger            |       |    42 |   337 |    94 ||   473
       Bite              |       |     5 |    41 |    10 ||    56
       Punch             |       |     2 |    10 |       ||    12
       Kick              |       |       |    37 |     5 ||    42
       Headbutt          |       |       |    29 |     7 ||    36
 Fire: Sling             |   104 |   179 |   236 |    93 ||   612
 Cast: Slow              |     8 |    21 |    17 |     9 ||    55
       Ensorcelled Hiber |     3 |    18 |    40 |     9 ||    70
       Beastly Appendage |       |       |    17 |     3 ||    20
       Portal Projectile |       |       |    13 |     8 ||    21
       Inner Flame       |       |       |    12 |    15 ||    27
       Wereblood         |       |       |     1 |       ||     1
       Tukima's Dance    |       |       |       |     1 ||     1
Evoke: Wand              |       |       |       |    11 ||    11
  Use: Potion            |       |     8 |     2 |     6 ||    16
       Scroll            |       |     3 |    15 |     5 ||    23
 Stab: Sleeping          |       |     6 |    21 |     7 ||    34
Armor: Robe              |    13 |    52 |    91 |    58 ||   214
       Skin              |       |     3 |       |       ||     3
Dodge: Dodged            |    22 |   129 |   312 |   107 ||   570
       Repelled          |       |       |     4 |     2 ||     6
Block: Other             |       |       |    15 |       ||    15
       Orb               |       |       |    17 |    20 ||    37
       Reflection        |       |       |     1 |       ||     1

Table legend: (Time is in decaauts)
 A = Elapsed time spent in this place.
 B = Non-inter-level travel time spent in this place.
 C = Inter-level travel time spent in this place.
 D = Time resting spent in this place.
 E = Time spent auto-exploring this place.
 F = Levels seen in this place.
 G = Mean time per level.
                   A        B        C        D        E       F      G
               +--------+--------+--------+--------+--------+-----+--------+
         Total |  13287 |  12119 |   1168 |     36 |   9495 |  12 | 1107.2 |
       Dungeon |  13229 |  12065 |   1164 |     36 |   9479 |  11 | 1202.6 |
        Temple |     57 |     53 |      4 |      0 |     16 |   1 |   57.0 |
               +--------+--------+--------+--------+--------+-----+--------+

Top non-repeatable levels by time:
    D:10: 1812 daAuts
     D:2: 1808 daAuts
     D:7: 1773 daAuts
     D:8: 1589 daAuts
     D:6: 1416 daAuts
     D:4: 1183 daAuts
     D:5: 989 daAuts
     D:1: 943 daAuts
     D:3: 875 daAuts
     D:9: 828 daAuts
  Temple: 57 daAuts
    D:11: 9 daAuts
